 Dungeon Crawl Stone Soup version 0.26.1-10-gdfb7c7de75 (webtiles) character file.

Game seed: 5555792172611602601

1687 Rabronis the Destroyer (level 8, -2/41 HPs)
             Began as a Deep Elf Conjurer on Apr 7, 2021.
             Was an Initiate of Vehumet.
             Slain by a killer bee (4 damage)
             ... on level 7 of the Dungeon on Apr 8, 2021.
             The game lasted 00:43:42 (7236 turns).

Rabronis the Destroyer (Deep Elf Conjurer)          Turns: 7236, Time: 00:43:46

Health: -2/41      AC:  5    Str:  4    XL:     8   Next: 71%
Magic:  17/17      EV: 13    Int: 26    God:    Vehumet [......]
Gold:   423        SH:  0    Dex: 13    Spells: 13/16 levels left

rFire    . . .     SeeInvis .   c - +0 whip
rCold    . . .     Faith    .   (no shield)
rNeg     + . .     Spirit   .   a - +0 robe
rPois    .         Reflect  .   (no helmet)
rElec    .         Harm     .   n - +2 cloak
rCorr    .         Rampage  .   (no gloves)
Will     .....                  (no boots)
Stlth    ++........             (no amulet)
HPRegen  0.13/turn              t - ring of positive energy
MPRegen  0.15/turn              v - +4 ring of slaying

@: lethally poisoned (-2 -> -4)
A: no striking features
a: Renounce Religion


You were on level 7 of the Dungeon.
You worshipped Vehumet.
Vehumet was noncommittal.
You visited 2 branches of the dungeon, and saw 9 of its levels.

You collected 423 gold pieces.

Inventory:

Hand Weapons
 c - a +0 whip (weapon)
Armour
 a - a +0 robe (worn)
 n - a +2 cloak (worn)
Jewellery
 t - a ring of positive energy (left hand)
 v - a +4 ring of slaying (right hand)
 E - an uncursed ring of ice {unknown}
Wands
 g - a wand of paralysis (8)
 x - a wand of random effects (10)
 A - a wand of disintegration (14)
Scrolls
 b - 4 scrolls of magic mapping
 d - 3 scrolls of remove curse
 e - 6 scrolls of teleportation
 f - 3 scrolls of immolation {unknown}
 h - a scroll of fog {unknown}
 i - 4 scrolls of amnesia
 l - 2 scrolls of enchant weapon {unknown}
 r - 3 scrolls of blinking {unknown}
 w - a scroll of fear {unknown}
 y - a scroll of noise {unknown}
 z - a scroll of identify
 C - a scroll of enchant armour {unknown}
Potions
 j - a potion of resistance {unknown}
 k - 2 potions of lignification
 m - a potion of brilliance {unknown}
 o - a potion of invisibility {unknown}
 p - 3 potions of attraction
 q - a potion of mutation {unknown}
 s - 2 potions of curing
 u - a potion of flight {unknown}
 B - 2 potions of heal wounds {unknown}
 D - a potion of might {unknown}


   Skills:
 + Level 2.5 Dodging
 - Level 2.4 Stealth
 + Level 4.8 Spellcasting
 * Level 12.2 Conjurations
 + Level 0.5 Evocations


You had 13 spell levels left.
You knew the following spells:

 Your Spells              Type           Power        Failure   Level
a - Magic Dart            Conj           100%         1%          1
b - Searing Ray           Conj           100%         1%          2

Your spell library contained the following spells:

 Spells                   Type           Power        Failure   Level
 Dazzling Flash           Conj/Hex       76%          1%          3
 Fulminant Prism          Conj/Hex       19%          6%          4
 Iskenderun's Mystic Bla  Conj/Tloc      38%          6%          4
 Confusing Touch          Hex            6%           24%         3
 Gell's Gravitas          Tloc           3%           24%         3
 Petrify                  Tmut/Erth      6%           61%         4
 Metabolic Englaciation   Hex/Ice        3%           91%         5
 Yara's Violent Unravell  Hex/Tmut       3%           91%         5


Dungeon Overview and Level Annotations

Branches:
Dungeon (8/15)             Temple (1/1) D:6
   Lair: D:8-11

Altars:
Ashenzari
Fedhas
Gozag
Hepliaklqana
Kikubaaqudgha
Makhleb
Nemelex Xobeh
Qazlal
Uskayaw
Vehumet
Xom
Yredelemnul
Zin
The Shining One

Shops:
D:6 (


Message History

The killer bee stings you.
You are poisoned.
The killer bee poisons you!
There is a stone staircase leading up, spattered with blood here.
Casting: Searing Ray (safe; 1% risk of failure)
Confirm with . or Enter, or press ? or * to list all spells.
Okay, then.
You feel sick. The killer bee stings you. x2
* * * LOW HITPOINT WARNING * * *
The killer bee stings you!
* * * LOW HITPOINT WARNING * * *
You climb upwards.
There is a stone staircase leading down here.
Aiming: Random Effects
Press: ? - help, Shift-Dir - straight line, f - killer bee
Aim: a killer bee The killer bee looks slightly unstable.
* * * LOW HITPOINT WARNING * * *
You feel sick. The killer bee stings you.
You die...

......#.......##.#
#.# ##
#...#...#####.##.#
#.# ##. .....#.##
#.##.#####.###
##.. .....#.#
#............#
#..# >....#.#
#######.#####.#.#
##.†
#.<.##.###.......#
#.#.# ##.
#...##...........#
#.#.# ###
.#..######.#####y#
#.#.# #.#
..........)# #@#
#.#.# #.#
.#..######## #y#
#.#.######.# ##..#
#.# #...........
##).# #.#
###.######.# ....#
#.# #.# #.# ....#
#.# #.# #.# #####
#.# #.# #.# # #.#
##.# #.# ########
#†# #..######.#


You could see 2 killer bees.

Vanquished Creatures
  An ice beast (D:5)
  A sky beast (D:6)
  A phantom (D:6)
  2 ogres
  A necrophage (D:7)
  A bullfrog (D:7)
  2 scorpions
  5 wights (D:5)
  A killer bee (D:7)
  A howler monkey (D:6)
  3 hounds
  A quasit (D:7)
  2 orc priests
  A centaur skeleton (D:7)
  2 iguanas (D:6)
  2 orc wizards
  Natasha (twice) (D:3)
  4 worker ants
  2 hound skeletons (D:7)
  7 adders
  4 gnolls
  A shadow imp (D:5)
  A white imp (D:7)
  2 ufetubi
  4 worms
  3 dart slugs
  4 leopard geckos
  14 orcs
  3 giant cockroaches
  4 goblins
  5 hobgoblins
  4 jackals (D:7)
  4 quokkas
  3 bats
  6 frilled lizards
  A jackal skeleton (D:4)
  6 kobolds
  A leopard gecko skeleton (D:6)
  A leopard gecko zombie (D:5)
  A quokka skeleton (D:5)
  3 rats
117 creatures vanquished.

Notes
Turn   | Place    | Note
-------+----------+-------------------------------------------
     0 | D:1      | Rabronis the Deep Elf Conjurer began the quest for the Orb.
     0 | D:1      | Reached XP level 1. HP: 10/10 MP: 6/6
   162 | D:1      | Reached XP level 2. HP: 15/15 MP: 2/8
   165 | D:1      | Learned a level 2 spell: Searing Ray
   220 | D:1      | Reached skill level 5 in Conjurations
   524 | D:1      | Reached XP level 3. HP: 19/19 MP: 7/9
   882 | D:2      | Reached skill level 6 in Conjurations
  1123 | D:2      | Found a hazy altar of Hepliaklqana.
  1196 | D:2      | Found a sparkling altar of Nemelex Xobeh.
  1462 | D:3      | Found a stormy altar of Qazlal.
  1463 | D:3      | Found a glowing silver altar of Zin.
  1463 | D:3      | Found an ancient bone altar of Kikubaaqudgha.
  1722 | D:3      | Reached XP level 4. HP: 24/24 MP: 4/10
  1772 | D:3      | Noticed Natasha
  1777 | D:3      | Killed Natasha
  2122 | D:4      | Reached skill level 7 in Conjurations
  2122 | D:4      | Reached XP level 5. HP: 28/28 MP: 3/11
  2216 | D:4      | Noticed an ogre
  2223 | D:4      | Killed an ogre
  2270 | D:4      | Reached skill level 8 in Conjurations
  2407 | D:4      | Reached XP level 6. HP: 32/32 MP: 7/12
  2877 | D:3      | Noticed Natasha
  3005 | D:3      | Killed Natasha
  3638 | D:5      | Entered Level 5 of the Dungeon
  3770 | D:5      | Reached skill level 9 in Conjurations
  3801 | D:5      | Noticed an ice beast
  3882 | D:5      | Reached XP level 7. HP: 36/36 MP: 7/13
  4048 | D:5      | Reached skill level 10 in Conjurations
  5036 | D:6      | Reached skill level 11 in Conjurations
  5036 | D:6      | Reached XP level 8. HP: 41/41 MP: 5/14
  5300 | D:6      | Found a staircase to the Ecumenical Temple.
  5345 | Temple   | Entered the Ecumenical Temple
  5397 | Temple   | Became a worshipper of Vehumet
  5653 | D:6      | Found Taumacin's Weapon Shop.
  6642 | D:7      | Found a burning altar of Makhleb.
  6650 | D:7      | Reached skill level 12 in Conjurations
  7236 | D:7      | HP: 2/41 [poisoned by a killer bee]
  7236 | D:7      | Slain by a killer bee

Illustrated notes

Levels and vault maps discovered:
D:1:      minmay_arrival_semitransparent, layout_rooms
D:2:      layout_basic, nemelex_xobeh_ov_fountains_minmay,
          nzn_hepliaklqana_mist_gate
D:3:      layout_basic, chequers_temple_overflow_statue_of_worship, uniq_natasha
D:4:      layout_cave_pods
D:5:      layout_basic
D:6:      layout_gridville, minmay_temple_entry_wispy, serial_shops, shop
D:7:      layout_loops_ring, makhleb_blood_cavern_becter
D:8:      layout_layer_cave, dpeg_oklobed_lair, lemuel_statue_altar
Temple:   minmay_crystal_spiral_temple

Skill      XL: |  1  2  3  4  5  6  7  8 |
---------------+-------------------------+-----
Conjurations   | 5 6 7 8 9 11 12 | 12.2
Spellcasting   | 4 |  4.8
Dodging        | |  2.5
Stealth        | |  2.4
Evocations     | |  0.5

Action                   |  1- 3 |  4- 6 |  7- 9 || total
-------------------------+-------+-------+-------++-------
 Cast: Magic Dart        |    72 |    81 |    79 ||   232
       Searing Ray       |     5 |    22 |    45 ||    72
Evoke: Wand              |     1 |     1 |     1 ||     3
  Use: Scroll            |     3 |     4 |     4 ||    11
Armor: Robe              |     1 |     3 |     4 ||     8
Dodge: Dodged            |     3 |     7 |    12 ||    22
